 Dungeon Crawl Stone Soup version 0.20-a0-850-ge5a7832 (webtiles) character file.

498 nikopol the Magician (level 6, -9/32 HPs)
             Began as a Deep Elf Fire Elementalist on Mar 8, 2017.
             Killed by divine providence
             ... invoked by an orc priest
              (12 damage)
             ... on level 4 of the Dungeon on Mar 10, 2017.
             The game lasted 00:21:37 (4086 turns).

nikopol the Magician (Deep Elf Fire Elementalist)   Turns: 4086, Time: 00:21:37

Health: -9/32      AC:  6    Str:  5    XL:     6   Next: 94%
Magic:  1/16       EV: 13    Int: 22    God:
Gold:   197        SH:  0    Dex: 15    Spells: 5/16 levels left

rFire    . . .     SeeInvis .   o - +2 dagger (venom)
rCold    . . .     Gourm    .   p - +1 robe {MR+}
rNeg     . . .     Faith    .   (no shield)
rPois    .         Spirit   .   (no helmet)
rElec    .         Reflect  .   m - +0 cloak
rCorr    .         Harm     .   d - +0 pair of gloves
MR       +....                  g - +0 pair of boots
Stlth    ++........             (no amulet)
Regen    0.1/turn               (no ring)
MPRegen  0.2/turn               (no ring)

@: no status effects
A: no striking features
a: no special abilities


You were on level 4 of the Dungeon.
You were near starving.

You visited 1 branch of the dungeon, and saw 4 of its levels.

You collected 197 gold pieces.

Inventory:

Hand Weapons
 o - a +2 dagger of venom (weapon)
Armour
 d - a +0 pair of gloves (worn)
 g - a +0 pair of boots (worn)
 m - a +0 cloak (worn)
 p - a +1 robe of magic resistance (worn)
Jewellery
 t - an uncursed amulet of the gourmand {unknown}
Wands
 r - a wand of digging (9/24)
 y - a wand of lightning (9/15)
Scrolls
 e - a scroll of remove curse {unknown}
 f - 3 scrolls of identify {unknown}
 k - 2 scrolls of recharging {unknown}
 n - a scroll of blinking {unknown}
 q - a scroll of fog {unknown}
 s - a scroll of fear {unknown}
Potions
 h - a potion of cancellation {unknown}
 i - a potion of flight {unknown}
 l - 4 potions of curing
 u - a potion of mutation {unknown}
 v - a potion of lignification {unknown}
 w - a potion of berserk rage {unknown}
 x - a potion of degeneration {unknown}
Books
 b - a book of Flames

   Spells                             Type                      Level
   a - Flame Tongue                   Conjuration/Fire             1
   b - Throw Flame                    Conjuration/Fire             2
   c - Conjure Flame                  Conjuration/Fire             3
   d - Inner Flame                    Hexes/Fire                   3
   e - Sticky Flame                   Conjuration/Fire             4
   f - Fireball                       Conjuration/Fire             5
Comestibles
 a - a meat ration
 c - 2 bread rations
 j - a fruit


   Skills:
 - Level 2.8 Dodging
 - Level 3.0 Stealth
 + Level 5.8 Spellcasting
 + Level 4.4 Conjurations
 + Level 5.6 Fire Magic


You had 5 spell levels left.
You knew the following spells:

 Your Spells              Type           Power        Failure   Level  Hunger
a - Flame Tongue          Conj/Fire      ####.        1%          1    None
b - Throw Flame           Conj/Fire      ####..       1%          2    None
c - Conjure Flame         Conj/Fire      ####....     3%          3    ##.....
d - Fireball              Conj/Fire      ####......   34%         5    #####..


Dungeon Overview and Level Annotations

Branches:
Dungeon (4/15)
 Temple: D:4-7

Altars:
Ashenzari
Wu Jian


Message History

The orc priest is heavily wounded.
The orc priest calls upon Beogh to heal the orc priest.
The orc priest is healed somewhat.
The orc priest hits you.
* * * LOW HITPOINT WARNING * * *
The gnoll misses you.
You hit the gnoll.
The gnoll is poisoned.
The gnoll is lightly wounded.
The orc priest hits you but does no damage.
The gnoll hits you but does no damage.
You hit the gnoll.
The gnoll is heavily wounded.
The orc priest misses you.
The gnoll hits you with an enchanted whip.
* * * LOW HITPOINT WARNING * * *
Your magical contamination has completely faded away.
You barely miss the gnoll.
The gnoll is severely wounded.
The orc priest mumbles some strange prayers to Beogh against you.
Beogh smites you!
You die...

### .$# #.# #
#.###.##.# #.).)....#
....>.##<####
.....#.#g# .....ooo@#
......#### #.##.##
#.#... # ## ......
.#. #...# #.# #...#
####.####
.####...#####.(.<..Z#
..
............oo##.##.#


You could see 2 orc priests, a gnoll and an orc.

Vanquished Creatures
  A scorpion (D:4)
  A howler monkey (D:3)
  Crazy Yiuf (D:2)
  An orc priest (D:4)
  Jessica (D:2)
  A worker ant (D:4)
  Natasha (thrice) (D:2 D:1)
  6 adders
  7 gnolls
  2 oozes
  4 worms (D:2)
  3 dart slugs
  3 leopard geckos (D:1)
  3 orcs
  2 giant cockroaches (D:1)
  6 goblins
  6 hobgoblins
  7 jackals
  A quokka (D:4)
  7 bats
  5 frilled lizards
  9 kobolds
  8 rats
88 creatures vanquished.

Notes
Turn   | Place    | Note
-------+----------+-------------------------------------------
     0 | D:1      | nikopol the Deep Elf Fire Elementalist began the quest for the Orb.
     0 | D:1      | Reached XP level 1. HP: 10/10 MP: 6/6
   221 | D:1      | Reached XP level 2. HP: 15/15 MP: 4/8
   225 | D:1      | Learned a level 2 spell: Throw Flame
   909 | D:1      | Reached XP level 3. HP: 10/19 MP: 0/9
  1356 | D:2      | Noticed Natasha
  1361 | D:2      | Killed Natasha
  1437 | D:2      | Noticed Natasha
  1463 | D:2      | Killed Natasha
  1463 | D:2      | Reached XP level 4. HP: 14/24 MP: 3/12
  1598 | D:2      | Noticed Jessica
  1601 | D:2      | Killed Jessica
  1635 | D:2      | Learned a level 3 spell: Conjure Flame
  1718 | D:2      | Noticed Natasha
  1905 | D:1      | Killed Natasha
  1905 | D:1      | Reached XP level 5. HP: 27/28 MP: 10/13
  2148 | D:2      | Found a runed door.
  2602 | D:2      | Noticed Crazy Yiuf
  2608 | D:2      | Killed Crazy Yiuf
  2949 | D:3      | Reached skill level 5 in Spellcasting
  3011 | D:3      | Reached XP level 6. HP: 32/32 MP: 4/15
  3234 | D:3      | Reached skill level 5 in Fire Magic
  3612 | D:3      | Found a shattered altar of Ashenzari.
  3612 | D:3      | Found an ornate altar of the Wu Jian Council.
  3968 | D:3      | Upgraded the game from 0.20-a0-839-gdaf5c57 to 0.20-a0-850-ge5a7832
  3974 | D:3      | Learned a level 5 spell: Fireball
  4086 | D:4      | Killed from afar by an orc priest

Vault maps used:
D:1:      roderic_octagonal_star
D:2:      uniq_jessica, uniq_crazy_yiuf_cottage, uniq_natasha
D:3:      gammafunk_temple_overflow_wave
D:4:      lemuel_doored_altar

Skill      XL: |  1  2  3  4  5  6 |
---------------+-------------------+-----
Stealth        | 3 |  3.0
Conjurations   | 2 3 4 |  4.4
Spellcasting   | 4 5 |  5.8
Fire Magic     | 4 5 |  5.6
Dodging        | |  2.8

Action                   |  1- 3 |  4- 6 || total
-------------------------+-------+-------++-------
Melee: Dagger            |     9 |    45 ||    54
 Cast: Flame Tongue      |    58 |    54 ||   112
       Throw Flame       |     4 |    53 ||    57
       Conjure Flame     |       |     1 ||     1
 Stab: Sleeping          |       |     1 ||     1
  Eat: Chunk             |     2 |     6 ||     8
Armor: Robe              |     9 |    31 ||    40
Dodge: Dodged            |    34 |    79 ||   113
